 Dungeon Crawl Stone Soup version 0.27-a0-1149-g4505690ab0 (webtiles) character file.

Game seed: 15515496396584423858

24 st0uf the Twirler (level 3, 0/22 HPs)
             Began as a Gargoyle Gladiator on May 12, 2021.
             Slain by Terence
             ... wielding a +0 flail
              (5 damage)
             ... on level 1 of the Dungeon.
             The game lasted 00:02:34 (1089 turns).

st0uf the Twirler (Gargoyle Gladiator)              Turns: 1089, Time: 00:02:35

Health: 0/22       AC:  7    Str: 17    XL:     3   Next: 2%
Magic:  3/3        EV: 12    Int:  9    God:
Gold:   32         SH:  0    Dex: 11    Spells: 2/2 levels left

rFire    . . .     SeeInvis .   a - +0 quarterstaff
rCold    . . .     Faith    .   (shield currently unavailable)
rNeg     + . .     Spirit   .   b - +0 leather armour
rPois    ∞         Reflect  .   c - +0 helmet
rElec    +         Harm     .   (no cloak)
rCorr    .         Rampage  .   (no gloves)
Will     .....                  (no boots)
Stlth    +.........             (no amulet)
HPRegen  0.07/turn              (no ring)
MPRegen  0.08/turn              (no ring)

@: no status effects
A: sickness immunity, AC +3, negative energy resistance 1, electricity
resistance, torment resistance 1, petrification resistance
a: no special abilities


You were on level 1 of the Dungeon.
You visited 1 branch of the dungeon, and saw 2 of its levels.

You collected 32 gold pieces.

Inventory:

Hand Weapons
 a - a +0 quarterstaff (weapon)
Missiles
 d - 3 throwing nets (quivered)
 g - 8 stones
Armour
 b - a +0 leather armour (worn)
 c - a +0 helmet (worn)
Scrolls
 e - a scroll of teleportation {unknown}
 j - a scroll of amnesia {unknown}
 k - a scroll of blinking {unknown}
 l - a scroll of identify {unknown}
Potions
 f - a potion of cancellation {unknown}
 h - a potion of curing {unknown}
 i - a potion of ambrosia {unknown}


   Skills:
 + Level 2.4 Fighting
 + Level 3.8 Staves
 + Level 1.8 Throwing
 + Level 0.5 Armour
 - Level 2.4 Dodging


You had 2 spell levels left.
You didn't know any spells.
Your spell library was empty.

Dungeon Overview and Level Annotations

Branches:
Dungeon (2/15)

Altars:

Annotations:
D:1 Terence
D:2 Robin


Innate Abilities, Weirdness & Mutations

You are immune to sickness and miasma.
Your stone body is resilient. (AC +3)
You are immune to poison.
You resist negative energy. (rN+)
You are resistant to electric shocks. (rElec)
You are resistant to unholy torment.
You are immune to petrification.


Message History

A goblin comes into view. It is wielding a +0 club.
A goblin comes into view. It is wielding a +0 dagger.
You miss the frilled lizard. The frilled lizard barely misses you.
A hobgoblin comes into view.
A goblin comes into view. It is wielding a +1 vampiric dagger.
A goblin comes into view. It is wielding a +0 dagger.
Terence closely misses you.
The frilled lizard bites you but does no damage.
The hobgoblin misses you.
You climb upwards.
There is a stone staircase leading down here.
The worm bites you. The frilled lizard barely misses you.
The frilled lizard barely misses you.
There is an open door here.
You sock Terence!
Terence is moderately wounded.
Terence closely misses you.
You sock Terence!
Terence is severely wounded.
Terence barely misses you.
You completely miss Terence.
Terence is severely wounded.
Terence hits you with a +0 flail!
You hit Terence.
Terence is severely wounded.
Terence closely misses you.
You closely miss Terence.
Terence is severely wounded.
Terence hits you with a +0 flail.
* * * LOW HITPOINT WARNING * * *
Terence screams, "I'm going to kill you!"
Terence bares his teeth.
Things that are here:
a +0 short sword; a kobold skeleton Terence says, "Time to say good-bye..."
You hit Terence.
Terence is almost dead.
Terence says, "Did you write a will?
You should..."
Terence hits you with a +0 flail.
You die...

.........# #.#
.........# #.#
.........# #.#
...).....# #g#
########## #.# .#....#
#l# .#....# #.#
.#....# ########g#
.#....# #..)@@l..#
.#....#######.########
.#............#
.##...........#
.##...........#
.##.....#####.#
.##.....#####.#
..............#
####.##########


You could see Terence, a hobgoblin and a frilled lizard.

Vanquished Creatures
  A dart slug (D:1)
  2 ball pythons (D:1)
  2 giant cockroaches (D:1)
  3 hobgoblins (D:1)
  3 quokkas (D:1)
  3 bats (D:1)
  2 frilled lizards (D:1)
  2 goblins (D:1)
  A kobold (D:1)
  A rat (D:1)
20 creatures vanquished.

Notes
Turn   | Place    | Note
-------+----------+-------------------------------------------
     0 | D:1      | st0uf the Gargoyle Gladiator began the quest for the Orb.
     0 | D:1      | Reached XP level 1. HP: 12/12 MP: 1/1
   329 | D:1      | Reached XP level 2. HP: 17/17 MP: 2/2
   907 | D:1      | Reached XP level 3. HP: 22/22 MP: 3/3
  1047 | D:2      | Noticed Terence
  1050 | D:2      | Noticed Robin
  1089 | D:1      | Slain by Terence

Illustrated notes

Levels and vault maps discovered:
D:1:      matt_arrival_spirals, layout_basic, minmay_bisected
D:2:      layout_basic, shapermc_ecumenical_altar_mp_vishouse, basic_altar,
          uniq_jessica, uniq_robin, uniq_terence

Action                   || total
-------------------------++-------
Melee: Quarterstaff      ||    59
Armor: Leather armour    ||    27
Dodge: Dodged            ||    50

Table legend: (Time is in decaauts)
 A = Elapsed time spent in this place.
 B = Non-inter-level travel time spent in this place.
 C = Inter-level travel time spent in this place.
 D = Time resting spent in this place.
 E = Time spent auto-exploring this place.
 F = Levels seen in this place.
 G = Mean time per level.
                   A        B        C        D        E       F      G
               +--------+--------+--------+--------+--------+-----+--------+
         Total |   1096 |   1079 |     17 |    236 |    635 |   2 |  548.0 |
       Dungeon |   1096 |   1079 |     17 |    236 |    635 |   2 |  548.0 |
               +--------+--------+--------+--------+--------+-----+--------+

Top non-repeatable levels by time:
     D:1: 1092 daAuts
     D:2: 3 daAuts
